TOP OF THE 1ST |
Norfolk Tides batting - Pitching for Nashville Sounds : RHP John LaMotte
|
Pitching: RHP John LaMotte
|
|
Batting: LHB Hyoji Toda
|
0-0: Foul Ball, location: 2F 0-1: Ball 1-1: Ball 2-1: Fly out, F8 (Flyball, 8LM, EV 88.8 MPH)
|
Batting: RHB Francisco Viera
|
0-0: Ball 1-0: Hit by Pitch
|
Batting: SHB Brian Bentz
|
0-0: Ball 1-0: Fly out, F8 (Flyball, 8RXD, EV 81.2 MPH)
|
Batting: RHB Mike Hayward
|
0-0: Called Strike 0-1: Ball Francisco Viera steals 2nd base 1-1: Fly out, F9 (Flyball, 9S, EV 84.4 MPH)
|
Top of the 1st over - 0 runs, 0 hits, 0 errors, 1 left on base; Norfolk 0 - Nashville 0 |
BOTTOM OF THE 1ST |
Nashville Sounds batting - Pitching for Norfolk Tides : LHP Juan Becerra
|
Pitching: LHP Juan Becerra
|
|
Batting: RHB Robby Godwin
|
0-0: Called Strike 0-1: Ground out 4-3 (Groundball, 4, EV 81.9 MPH)
|
Batting: RHB Jorge Bernal
|
0-0: Ball 1-0: Ball 2-0: Ball 3-0: Base on Balls
|
Batting: SHB Ryan Langlois
|
0-0: Ball 1-0: Ball Wild Pitch! Jorge Bernal to second 2-0: Called Strike 2-1: Foul Ball, location: 2F 2-2: DOUBLE (Line Drive, 3D, EV 102.5 MPH) Jorge Bernal scores
|
Batting: RHB Dusty Thompson
|
0-0: Ball 1-0: Foul Ball, location: 2F 1-1: Fly out, F9 (Flyball, 89S, EV 80.0 MPH)
|
Batting: SHB Quincy Bradford
|
0-0: Ball 1-0: Ball 2-0: Called Strike 2-1: Ball 3-1: Base on Balls
|
Batting: RHB Justin McQuarter
|
0-0: DOUBLE (Line Drive, 9LM, EV 109.4 MPH) Ryan Langlois scores Quincy Bradford to third
|
Batting: RHB Jose Valtierra
|
0-0: Ball 1-0: SINGLE (Flyball, 3D, EV 93.1 MPH) Quincy Bradford scores Justin McQuarter to third Runner from 3rd tries for Home, SAFE, throw by RF to home
|
Batting: SHB Todd Hewitt
|
0-0: SINGLE (Line Drive, 8LM, EV 89.4 MPH) Jose Valtierra to second Runner from 2nd tries for 3rd, SAFE, no throw by CF
|
Batting: LHB Juan Villafana
|
0-0: Called Strike 0-1: Ground out 1-3 (Groundball, 13, EV 68.1 MPH)
|
Bottom of the 1st over - 4 runs, 4 hits, 0 errors, 2 left on base; Norfolk 0 - Nashville 4 |
TOP OF THE 2ND |
Norfolk Tides batting - Pitching for Nashville Sounds : RHP John LaMotte
|
Batting: LHB Tom Edwards
|
0-0: Ball 1-0: Ball 2-0: Foul Ball, location: 2F 2-1: Called Strike 2-2: Foul Ball, location: 2F 2-2: Foul Ball, location: 2F 2-2: Ball 3-2: Ground out 4-3 (Groundball, 34, EV 81.2 MPH)
|
Batting: RHB Andy Chess
|
0-0: Ball 1-0: Ball 2-0: SINGLE (Groundball, 34D, EV 102.5 MPH)
|
Batting: RHB Sal Espinosa
|
0-0: Foul Ball, location: 2F 0-1: Called Strike 0-2: Ball 1-2: Strikes out swinging
|
Batting: RHB Carlos Talavera
|
0-0: Ball 1-0: Ground out 5-3 (Groundball, 56S, EV 64.4 MPH)
|
Top of the 2nd over - 0 runs, 1 hit, 0 errors, 1 left on base; Norfolk 0 - Nashville 4 |
BOTTOM OF THE 2ND |
Nashville Sounds batting - Pitching for Norfolk Tides : LHP Juan Becerra
|
Batting: RHB Robby Godwin
|
0-0: Ball 1-0: Ground out 5-3 (Groundball, 56, EV 99.4 MPH)
|
Batting: RHB Jorge Bernal
|
0-0: Swinging Strike 0-1: Foul Ball, location: 2F 0-2: Ball 1-2: Foul Ball, location: 7LSF, Error on foul ball, E7 1-2: Ground out 2-3 (Groundball, 15S, EV 68.8 MPH)
|
Batting: SHB Ryan Langlois
|
0-0: Called Strike 0-1: Foul Ball, location: 2F 0-2: Ground out 5-3 (Groundball, 5S, EV 69.4 MPH)
|
Bottom of the 2nd over - 0 runs, 0 hits, 1 error, 0 left on base; Norfolk 0 - Nashville 4 |
TOP OF THE 3RD |
Norfolk Tides batting - Pitching for Nashville Sounds : RHP John LaMotte
|
Batting: RHB Geoffrey van der Wekken
|
0-0: Ball 1-0: Called Strike 1-1: Ball 2-1: Ball 3-1: Foul Ball, location: 2F 3-2: Base on Balls
|
Batting: LHB Hyoji Toda
|
0-0: DOUBLE (Line Drive, 3D, EV 106.9 MPH) Geoffrey van der Wekken to third
|
Batting: RHB Francisco Viera
|
0-0: Called Strike 0-1: Ball 1-1: Called Strike 1-2: Ground out 4-3 (Groundball, 4M, EV 104.4 MPH) Geoffrey van der Wekken scores Hyoji Toda to third
|
Batting: SHB Brian Bentz
|
0-0: Called Strike 0-1: Swinging Strike 0-2: Ball 1-2: Foul Ball, location: 2F 1-2: Ball 2-2: Ball 3-2: Foul Ball, location: 2F 3-2: DOUBLE (Line Drive, 7LM, EV 98.1 MPH) Hyoji Toda scores
|
Batting: RHB Mike Hayward
|
0-0: Ground out 6-3 (Groundball, 6, EV 83.8 MPH) Brian Bentz to third
|
Batting: LHB Tom Edwards
|
0-0: Ball 1-0: Ball 2-0: Ball 3-0: Swinging Strike 3-1: Ground out U3 (Groundball, 34, EV 101.9 MPH)
|
Top of the 3rd over - 2 runs, 2 hits, 0 errors, 1 left on base; Norfolk 2 - Nashville 4 |
BOTTOM OF THE 3RD |
Nashville Sounds batting - Pitching for Norfolk Tides : LHP Juan Becerra
|
Batting: RHB Dusty Thompson
|
0-0: Ball 1-0: Foul Ball, location: 2F 1-1: Ground out 6-3 (Groundball, 6, EV 97.5 MPH)
|
Batting: SHB Quincy Bradford
|
0-0: Ball 1-0: Ball 2-0: Ball 3-0: Base on Balls
|
Batting: RHB Justin McQuarter
|
0-0: Ball 1-0: Foul Ball, location: 2F 1-1: Foul Ball, location: 2F 1-2: Ball 2-2: Foul Ball, location: 2F 2-2: SINGLE (Groundball, 6D, EV 103.1 MPH) Quincy Bradford to second Runner from 2nd tries for 3rd, SAFE, throw by CF made to third Justin McQuarter to second
|
Batting: RHB Jose Valtierra
|
0-0: Ball 1-0: Called Strike 1-1: Foul Ball, location: 2F 1-2: Ball 2-2: Foul Ball, location: 2F 2-2: Fly out, F8 (Line Drive, 8LD, EV 86.9 MPH) Runner from 3rd tags up, SCORES, throw by CF Justin McQuarter to third
|
Batting: SHB Todd Hewitt
|
0-0: Ball Passed Ball! Justin McQuarter scores 1-0: Ball 2-0: Ball 3-0: Called Strike 3-1: Swinging Strike 3-2: Strikes out looking
|
Bottom of the 3rd over - 2 runs, 1 hit, 0 errors, 0 left on base; Norfolk 2 - Nashville 6 |
TOP OF THE 4TH |
Norfolk Tides batting - Pitching for Nashville Sounds : RHP John LaMotte
|
Batting: RHB Andy Chess
|
0-0: Called Strike 0-1: Fly out, F8 (Flyball, 8RXD, EV 84.4 MPH)
|
Batting: RHB Sal Espinosa
|
0-0: Called Strike 0-1: Ball 1-1: Foul Ball, location: 2F 1-2: Ball 2-2: Ball 3-2: Base on Balls
|
Batting: RHB Carlos Talavera
|
0-0: Ball 1-0: Foul Ball, location: 2F 1-1: Ball 2-1: Called Strike 2-2: Fielders Choice at 2nd, 4-6 (Groundball, 4, EV 89.4 MPH)
|
Batting: RHB Geoffrey van der Wekken
|
0-0: Called Strike 0-1: SINGLE (Groundball, 56D, EV 105.0 MPH) (infield hit) Carlos Talavera to second
|
Batting: LHB Hyoji Toda
|
0-0: Ball 1-0: Swinging Strike 1-1: Ball 2-1: Fly out, F8 (Line Drive, 8LM, EV 89.4 MPH)
|
Top of the 4th over - 0 runs, 1 hit, 0 errors, 2 left on base; Norfolk 2 - Nashville 6 |
BOTTOM OF THE 4TH |
Nashville Sounds batting - Pitching for Norfolk Tides : LHP Juan Becerra
|
Pitching: RHP Cody Calderon
|
|
Batting: LHB Juan Villafana
|
0-0: Called Strike 0-1: Foul Ball, location: 2F 0-2: Ball 1-2: Ball 2-2: Fly out, F6 (Flyball, 6D, EV 93.1 MPH)
|
Batting: RHB Robby Godwin
|
0-0: Ground out 4-3 (Groundball, 4, EV 86.9 MPH)
|
Batting: RHB Jorge Bernal
|
0-0: Ball 1-0: Foul Ball, location: 2F 1-1: Fly out, F7 (Flyball, 78D, EV 101.2 MPH)
|
Bottom of the 4th over - 0 runs, 0 hits, 0 errors, 0 left on base; Norfolk 2 - Nashville 6 |
TOP OF THE 5TH |
Norfolk Tides batting - Pitching for Nashville Sounds : RHP John LaMotte
|
Batting: RHB Francisco Viera
|
0-0: Foul Ball, location: 2F 0-1: Ball 1-1: Ground out 3-1 (Groundball, 34, EV 102.5 MPH)
|
Batting: SHB Brian Bentz
|
0-0: Ball 1-0: Ball 2-0: Called Strike 2-1: TRIPLE (Flyball, 78XD, EV 101.9 MPH)
|
Batting: RHB Mike Hayward
|
0-0: Ball 1-0: Foul Ball, location: 2F 1-1: Ball 2-1: Ball 3-1: Base on Balls
|
Batting: LHB Tom Edwards
|
0-0: Called Strike 0-1: Foul Ball, location: 2F 0-2: Ball 1-2: Grounds into double play, 4-6-3 (Groundball, 4, EV 81.9 MPH)
|
Top of the 5th over - 0 runs, 1 hit, 0 errors, 1 left on base; Norfolk 2 - Nashville 6 |
BOTTOM OF THE 5TH |
Nashville Sounds batting - Pitching for Norfolk Tides : RHP Cody Calderon
|
Batting: SHB Ryan Langlois
|
0-0: Swinging Strike 0-1: Ball 1-1: Ball 2-1: Foul Ball, location: 2F 2-2: Ball 3-2: Base on Balls
|
Batting: RHB Dusty Thompson
|
0-0: Ball 1-0: Fly out, F9 (Flyball, 9D, EV 85.0 MPH)
|
Batting: SHB Quincy Bradford
|
0-0: Called Strike Ryan Langlois steals 2nd base 0-1: Ball 1-1: Swinging Strike 1-2: Ball 2-2: Ball 3-2: Strikes out swinging
|
Batting: RHB Justin McQuarter
|
0-0: Fly out, F8 (Line Drive, 8LM, EV 99.4 MPH)
|
Bottom of the 5th over - 0 runs, 0 hits, 0 errors, 1 left on base; Norfolk 2 - Nashville 6 |
TOP OF THE 6TH |
Norfolk Tides batting - Pitching for Nashville Sounds : RHP John LaMotte
|
Batting: RHB Andy Chess
|
0-0: Ball 1-0: Swinging Strike 1-1: SINGLE (Groundball, 6D, EV 96.2 MPH)
|
Batting: RHB Sal Espinosa
|
0-0: Ball 1-0: Ball 2-0: Reached on error, E4 (Groundball, 4S, EV 83.8 MPH) Andy Chess to second
|
Batting: RHB Carlos Talavera
|
0-0: Called Strike 0-1: Ball 1-1: Ball 2-1: Ball 3-1: SINGLE (Groundball, 4D, EV 101.9 MPH) Andy Chess to third Sal Espinosa to second
|
Batting: RHB Geoffrey van der Wekken
|
0-0: Grounds into double play, 6-4-3 (Groundball, 6, EV 102.5 MPH) Andy Chess scores Sal Espinosa to third
|
Batting: LHB Hyoji Toda
|
0-0: Fly out, F8 (Flyball, 8RD, EV 98.8 MPH)
|
Top of the 6th over - 1 run, 2 hits, 1 error, 1 left on base; Norfolk 3 - Nashville 6 |
BOTTOM OF THE 6TH |
Nashville Sounds batting - Pitching for Norfolk Tides : RHP Cody Calderon
|
Batting: RHB Jose Valtierra
|
0-0: Foul Ball, location: 2F 0-1: Ball 1-1: Foul Ball, location: 2F 1-2: Ball 2-2: Fly out, F7 (Flyball, 7, EV 93.1 MPH)
|
Batting: SHB Todd Hewitt
|
0-0: Swinging Strike 0-1: Foul Ball, location: 2F 0-2: Ball 1-2: Strikes out swinging
|
Batting: LHB Juan Villafana
|
0-0: Ball 1-0: Called Strike 1-1: Called Strike 1-2: Ball 2-2: Ball 3-2: Foul Ball, location: 2F 3-2: Base on Balls
|
Batting: RHB Robby Godwin
|
0-0: Ball Juan Villafana is caught stealing 2nd base 2-4
|
Bottom of the 6th over - 0 runs, 0 hits, 0 errors, 0 left on base; Norfolk 3 - Nashville 6 |
TOP OF THE 7TH |
Norfolk Tides batting - Pitching for Nashville Sounds : RHP John LaMotte
|
Pitching: RHP Jake Gregor
|
|
Batting: RHB Francisco Viera
|
0-0: Ball 1-0: Reached via error on a dropped throw from 1B, E1 (Groundball, 34S, EV 74.4 MPH)
|
Batting: SHB Brian Bentz
|
0-0: Called Strike 0-1: Ball 1-1: Ball 2-1: Ball 3-1: Base on Balls Francisco Viera to second
|
Batting: RHB Mike Hayward
|
0-0: Ball 1-0: Called Strike 1-1: Swinging Strike 1-2: Foul Ball, location: 2F 1-2: Ball 2-2: Foul Ball, location: 2F 2-2: Fly out, F4 (Popup, 34S, EV 90.0 MPH)
|
Batting: LHB Tom Edwards
|
0-0: Fielders Choice at 2nd, 2-4 (Groundball, 2L, EV 61.2 MPH) Francisco Viera to third
|
Pinch Hitting: LHB Josh Downs
|
0-0: Called Strike 0-1: DOUBLE (Line Drive, 89M, EV 96.2 MPH) Francisco Viera scores Tom Edwards to third Runner from 3rd tries for Home, SAFE, no throw by RF
|
Batting: RHB Sal Espinosa
|
0-0: Ball 1-0: Ground out 3-1 (Groundball, 34, EV 103.1 MPH)
|
Top of the 7th over - 2 runs, 1 hit, 1 error, 1 left on base; Norfolk 5 - Nashville 6 |
BOTTOM OF THE 7TH |
Nashville Sounds batting - Pitching for Norfolk Tides : RHP Cody Calderon
|
Now at 1B: Josh Downs
|
|
Batting: RHB Robby Godwin
|
0-0: Ball 1-0: Fly out, F5 (Popup, 5S, EV 84.4 MPH)
|
Batting: RHB Jorge Bernal
|
0-0: Ball 1-0: Called Strike 1-1: Ball 2-1: Fly out, F8 (Flyball, 8LXD, EV 105.0 MPH)
|
Batting: SHB Ryan Langlois
|
0-0: Foul Ball, location: 2F 0-1: Foul Ball, location: 2F 0-2: Foul Ball, location: 2F 0-2: Ground out 5-3 (Groundball, 56S, EV 68.1 MPH)
|
Bottom of the 7th over - 0 runs, 0 hits, 0 errors, 0 left on base; Norfolk 5 - Nashville 6 |
TOP OF THE 8TH |
Norfolk Tides batting - Pitching for Nashville Sounds : RHP Jake Gregor
|
Batting: RHB Carlos Talavera
|
0-0: Ball 1-0: Foul Ball, location: 2F 1-1: Fly out, F8 (Line Drive, 8RD, EV 88.8 MPH)
|
Batting: RHB Geoffrey van der Wekken
|
0-0: Ball 1-0: Ground out 5-3 (Groundball, 5L, EV 86.9 MPH)
|
Batting: LHB Hyoji Toda
|
0-0: Ball 1-0: Ball 2-0: Swinging Strike 2-1: Ball 3-1: Base on Balls
|
Batting: RHB Francisco Viera
|
0-0: Ball 1-0: Fly out, F7 (Flyball, 7D, EV 89.4 MPH)
|
Top of the 8th over - 0 runs, 0 hits, 0 errors, 1 left on base; Norfolk 5 - Nashville 6 |
BOTTOM OF THE 8TH |
Nashville Sounds batting - Pitching for Norfolk Tides : RHP Cody Calderon
|
Pitching: RHP Wil Martinez
|
|
Batting: RHB Dusty Thompson
|
0-0: Ball 1-0: Foul Ball, location: 2F 1-1: Ball 2-1: Foul Ball, location: 2F 2-2: Ball 3-2: Strikes out swinging
|
Batting: SHB Quincy Bradford
|
0-0: SINGLE (Line Drive, 89M, EV 105.0 MPH)
|
Batting: RHB Justin McQuarter
|
0-0: Ball 1-0: Ball 2-0: Ball 3-0: Foul Ball, location: 2F 3-1: SINGLE (Groundball, 6D, EV 98.8 MPH) Quincy Bradford to second
|
Batting: RHB Jose Valtierra
|
0-0: Ball 1-0: Called Strike 1-1: Grounds into double play, 6-4-3 (Groundball, 6, EV 101.9 MPH)
|
Bottom of the 8th over - 0 runs, 2 hits, 0 errors, 1 left on base; Norfolk 5 - Nashville 6 |
TOP OF THE 9TH |
Norfolk Tides batting - Pitching for Nashville Sounds : RHP Jake Gregor
|
Pitching: RHP Kyle Ehret
|
|
Batting: SHB Brian Bentz
|
0-0: Ball 1-0: Ball 2-0: Ground out U3 (Groundball, 3L, EV 86.9 MPH)
|
Batting: RHB Mike Hayward
|
0-0: Called Strike 0-1: Ball 1-1: Foul Ball, location: 2F 1-2: Strikes out looking
|
Batting: LHB Tom Edwards
|
0-0: Called Strike 0-1: Foul Ball, location: 2F 0-2: Ball 1-2: Strikes out swinging
|
Top of the 9th over - 0 runs, 0 hits, 0 errors, 0 left on base; Norfolk 5 - Nashville 6 |
|